 Dungeon Crawl Stone Soup version 0.30-a0-2-gf48d83f5e2 (webtiles) character file.

Game seed: 16156549766765302180

3 SkeletonJelly the Poker (level 1, 0/18 HPs)
             Began as a Merfolk Monk on Aug 20, 2022.
             Slain by a jackal (1 damage)
             ... on level 1 of the Dungeon.
             The game lasted 00:00:21 (109 turns).

SkeletonJelly the Poker (Merfolk Monk)               Turns: 109, Time: 00:00:22

Health: 0/18       AC:  2    Str: 11    XL:     1   Next: 50%
Magic:  1/1        EV: 13    Int:  9    God:
Gold:   21         SH:  0    Dex: 16    Spells: 0/0 levels left

rFire   . . .      SeeInvis .    a - +0 spear
rCold   . . .      Faith    .    (no shield)
rNeg    . . .      Spirit   .    b - +0 robe
rPois   .          Reflect  .    (no helmet)
rElec   .          Harm     .    (no cloak)
rCorr   .          Rampage  .    (no gloves)
Will    .....                    (no boots)
Stlth   ++........               (no amulet)
HPRegen 0.06/turn                (no ring)
MPRegen 0.07/turn                (no ring)

@: no status effects
A: (nimble swimmer 2), mertail
a: no special abilities


You were on level 1 of the Dungeon.
You visited 1 branch of the dungeon, and saw 1 of its levels.

You collected 21 gold pieces.

Inventory:

Hand Weapons
 a - a +0 spear (weapon)
Armour
 b - a +0 robe (worn)
Potions
 c - a potion of ambrosia


   Skills:
 + Level 3.3 Fighting
 * Level 4.2 Polearms
 - Level 4.0 Dodging
 - Level 2.1 Stealth


You couldn't memorise any spells.
You didn't know any spells.
Your spell library was empty.

Dungeon Overview and Level Annotations

Branches:
Dungeon (1/15)

Altars:


Innate Abilities, Weirdness & Mutations

((You are very nimble when in or above water. (Stealth+, EV+, Speed+++)))
Your lower body shifts to a powerful aquatic tail in water.


Message History

You reach to attack!
You barely miss the jackal. You hit the jackal but do no damage.
The jackal bites you.
You take 3 damage, and have 15/18 hp.
You barely miss the jackal. The jackal bites you.
You take 1 damage, and have 14/18 hp.
You hit the jackal.
The jackal is almost dead.
The jackal closely misses you. x2
You hit the jackal.
You kill the jackal!
No target in view!
No target in view!
No target in view!
No target in view!
HP restored.
A bat comes into view.
Health restored: 18 A bat is nearby!
A bat is nearby!
A bat is nearby!
A bat is nearby!
A jackal comes into view.
Found 9 gold pieces.
A goblin comes into view. It is wielding a +0 club.
Found a tubular copper ring.
The goblin shouts!
You hear a bark!
You hear an angry hiss.
You hear a shout!
A jackal comes into view.
A frilled lizard comes into view.
You hear a bark!
A jackal comes into view.
You reach to attack!
You hit the bat.
You kill the bat!
You reach to attack!
You hit the jackal but do no damage. The jackal closely misses you.
You hit the jackal but do no damage. The jackal misses you.
The goblin attacks as you move away! The goblin hits you with a +0 club.
You take 2 damage, and have 16/18 hp.
The goblin attacks as you move away! The goblin closely misses you.
The jackal barks!
The goblin hits you with a +0 club.
You take 2 damage, and have 14/18 hp.
The goblin attacks as you move away! The goblin hits you with a +0 club.
The jackal attacks as you move away! The jackal closely misses you. x2
You take 4 damage, and have 10/18 hp.
MASSIVE DAMAGE!!
The jackal barely misses you.
You reach to attack!
You hit the jackal but do no damage. You hit the jackal.
The jackal is heavily wounded.
You closely miss the jackal.
The jackal is heavily wounded.
The jackal closely misses you.
The jackal bites you but does no damage.
You hit the jackal.
The jackal is almost dead.
The jackal bites you. x2; The jackal barely misses you.
You take 4 damage, and have 7/18 hp.
MASSIVE DAMAGE!!
You are too injured to fight recklessly!
You are too injured to fight recklessly!
You are too injured to fight recklessly!
You are too injured to fight recklessly!
You are too injured to fight recklessly!
You are too injured to fight recklessly!
You are too injured to fight recklessly!
You are too injured to fight recklessly!
You are too injured to fight recklessly!
You are too injured to fight recklessly!
You are too injured to fight recklessly!
You are too injured to fight recklessly!
You are too injured to fight recklessly!
You are too injured to fight recklessly!
You are too injured to fight recklessly!
You are too injured to fight recklessly!
You are too injured to fight recklessly!
You are too injured to fight recklessly!
You are too injured to fight recklessly!
You are too injured to fight recklessly!
You are too injured to fight recklessly!
You are too injured to fight recklessly!
You are too injured to fight recklessly!
You are too injured to fight recklessly!
You are too injured to fight recklessly!
You are too injured to fight recklessly!
You are too injured to fight recklessly!
You are too injured to fight recklessly!
You hit the jackal.
You kill the jackal!
The jackal closely misses you.
You closely miss the jackal. The jackal bites you. x2
* * * LOW HITPOINT WARNING * * *
You take 2 damage, and have 5/18 hp.
You hit the jackal.
The jackal is heavily wounded.
The jackal bites you.
* * * LOW HITPOINT WARNING * * *
The jackal closely misses you. The jackal bites you.
* * * LOW HITPOINT WARNING * * *
You take 4 damage, and have 1/18 hp.
MASSIVE DAMAGE!!
You hit the jackal but do no damage.
The jackal is heavily wounded.
The jackal closely misses you. The jackal bites you.
You die...

.... ... #...#
#.......#######.#######
#.......#~~#.......#~~#
#.......#~#.........#~#
#=.#.#..##...........## #
#..#.#..#.............# #.
#..#...##.............#
#..###..#..#.#h............#
#......h..#.gh@.....<.........#
#.......#..#.#.............#.#.
#.#.....##..##.............##..
#............#.............# ..
..##.....#....##...........## .
#$....#.#..#~#.........#~#
####.##.#..# ~#.......#~~#
........#######.######
.....##...


You could see 2 jackals and a goblin.

Vanquished Creatures
  2 jackals (D:1)
  A bat (D:1)
3 creatures vanquished.

Notes
Turn   | Place    | Note
-------+----------+-------------------------------------------
     0 | D:1      | SkeletonJelly the Merfolk Monk began the quest for the Orb.
     0 | D:1      | Reached XP level 1. HP: 18/18 MP: 1/1
   109 | D:1      | Slain by a jackal

Illustrated notes

Levels and vault maps discovered:
D:1:      psy_arrival_dodecagon, layout_basic, basic_ecumenical_altar,
          chequers_garden

Action                   || total
-------------------------++-------
Melee: Spear             ||    16
Armor: Robe              ||     1
Dodge: Dodged            ||    13

Table legend: (Time is in decaauts)
 A = Elapsed time spent in this place.
 B = Non-inter-level travel time spent in this place.
 C = Inter-level travel time spent in this place.
 D = Time resting spent in this place.
 E = Time spent auto-exploring this place.
 F = Levels seen in this place.
 G = Mean time per level.
                   A        B        C        D        E       F      G
               +--------+--------+--------+--------+--------+-----+--------+
         Total |    107 |    107 |      0 |      0 |     76 |   1 |  107.0 |
       Dungeon |    107 |    107 |      0 |      0 |     76 |   1 |  107.0 |
               +--------+--------+--------+--------+--------+-----+--------+

Top non-repeatable levels by time:
     D:1: 107 daAuts
